Map: Blackrock LE

Players

RipNHammer

  • Race: Terran Terran
  • League: Master
  • Spawn Location: 1:00

JIJIAN - Winner!

  • Race: Zerg Zerg
  • League: Master
  • Spawn Location: 7:00

VOD

Have the link to the VOD?

Description

Time

  • Played on: Sept. 7, 2026, 3:23 p.m.
  • Length: 25:12
Show
View Real Time Build Order
Export as new Build Order

RipNHammer Terran 

Build Orders: Reaper Expand, Hellion Banshee 

Get SALT Encoding   

  8  0:01  SCV  
  9  0:13  SCV  
  10  0:25  SCV  
  11  0:37  SCV  
  11  0:41  Supply Depot  
  12  0:49  SCV  
  13  0:57  Refinery  
  13  1:03  SCV  
  14  1:06  Barracks  
  14  1:15  SCV  
  15  1:27  SCV  
  16  1:39  SCV  
  17  1:53  Orbital Command  
  17  1:54  Reaper  
  18  2:08  Command Center  
  18  2:18  SCV  
  19  2:30  Factory, SCV  
  19  2:36  Refinery, Barracks Reactor  
  20  2:48  SCV, Supply Depot  
  21  3:10  SCV  
  22  3:17  Starport  
  22  3:23  Orbital Command  
  22  3:24  Hellion x2  
  26  3:29  SCV  
  27  3:41  SCV  
  27  3:48  Hellion  
  30  3:53  Hellion, SCV x2  
  34  3:59  Viking  
  36  4:03  Barracks Tech Lab  
  36  4:05  SCV  
  36  4:08  Supply Depot  
  37  4:12  Hellion  
  37  4:13  SCV  
  40  4:18  SCV  
  41  4:25  SCV  
  41  4:30  Hellion  
  44  4:32  SCV  
  44  4:35  Supply Depot  
  45  4:39  SCV  
  46  4:47  SCV  
  46  4:51  SCV  
  46  4:52  Cloaking Field  
  48  4:54  Banshee  
  50  5:03  SCV  
  50  5:05  Command Center  
  51  5:07  SCV  
  52  5:15  SCV  
  52  5:20  SCV  
  54  5:24  Supply Depot  
  54  5:26  Hellion x2  
  58  5:29  Supply Depot  
  58  5:38  SCV x2  
  58  5:46  Banshee  
  58  5:49  Hellion x2  
  64  5:50  SCV x2  
  62  6:03  SCV x2  
  58  6:07  Refinery x2  
  58  6:14  Hellion x2  
  58  6:15  SCV x2  
  64  6:19  Orbital Command, Factory  
  64  6:27  SCV x2  
  65  6:39  SCV x2  
  67  6:51  SCV x2  
  70  7:03  SCV x2  
  70  7:04  Factory  
  70  7:05  Factory  
  70  7:06  Hellion x2  
  70  7:07  Orbital Command  
  76  7:15  SCV x2  
  77  7:18  Engineering Bay, Supply Depot  
  77  7:23  Mag-Field Accelerator  
  77  7:25  Factory, Cyclone  
  77  7:27  SCV x2, Supply Depot  
  82  7:39  Hellion x2, SCV  
  82  7:40  SCV x2  
  89  7:46  Supply Depot  
  89  7:47  Supply Depot  
  89  7:49  Supply Depot  
  89  7:51  SCV  
  89  7:52  SCV  
  89  7:54  Refinery  
  89  7:55  Refinery  
  91  8:04  SCV  
  91  8:11  SCV x2  
  86  8:15  Hellion, Factory Tech Lab x2  
  85  8:22  Hellion, SCV  
  85  8:23  SCV  
  85  8:24  SCV  
  90  8:32  Factory Tech Lab  
  90  8:34  Infernal Pre-Igniter, SCV  
  90  8:35  SCV  
  90  8:36  SCV  
  93  8:46  SCV  
  93  8:47  SCV  
  92  8:50  SCV  
  92  8:54  Command Center  
  93  8:57  Cyclone, Siege Tank  
  93  8:58  Cyclone, Hellion, Siege Tank  
  93  8:59  SCV x2  
  93  9:01  Supply Depot  
  93  9:02  SCV  
  110  9:03  Supply Depot  
  110  9:07  Armory  
  110  9:08  Armory  
  110  9:11  SCV  
  110  9:14  Orbital Command  
  111  9:17  SCV  
  112  9:29  Cyclone x2  
  112  9:30  Siege Tank  
  99  9:41  Cyclone  
  99  9:42  Hellion  
  99  9:43  Hellion, SCV  
  107  9:50  SCV  
  107  9:52  Refinery  
  108  9:56  Supply Depot  
  108  9:58  SCV  
  108  9:59  SCV  
  110  10:00  Terran Vehicle Weapons Level 1, Terran Vehicle And Ship Armor Level 1  
  110  10:01  Siege Tank, Cyclone, Supply Depot  
  110  10:02  Siege Tank, SCV  
  110  10:03  Hellion  
  110  10:04  Hellion  
  124  10:08  Command Center  
  124  10:11  Missile Turret  
  124  10:12  SCV x2  
  126  10:17  Cyclone  
  127  10:35  Cyclone, Siege Tank, Hellion  
  110  10:49  Cyclone, Hellion, Siege Tank  
  118  10:57  Hellion  
  114  11:00  SCV x3  
  114  11:01  Supply Depot  
  117  11:07  Cyclone, Siege Tank  
  117  11:08  Command Center  
  123  11:11  Hellion  
  123  11:12  SCV  
  123  11:15  Factory  
  123  11:17  Supply Depot  
  126  11:19  Supply Depot  
  126  11:20  Supply Depot  
  126  11:21  Cyclone, Siege Tank  
  126  11:23  Widow Mine, Smart Servos  
  126  11:24  Drilling Claws  
  126  11:25  SCV  
  135  11:26  Liberator  
  138  11:33  Hellion  
  138  11:39  Cyclone, Siege Tank, SCV  
  147  11:45  Hellion  
  145  11:53  Cyclone  
  145  11:54  Siege Tank, Hellion  
  150  12:05  Supply Depot  
  150  12:06  Widow Mine  
  140  12:10  Command Center  
  140  12:11  Cyclone, Hellion  
  145  12:16  Hellion  
  145  12:18  Supply Depot  
  147  12:25  Siege Tank  
  147  12:27  Cyclone, Hellion, Widow Mine  
  157  12:32  Siege Tank  
  157  12:35  Refinery  
  162  12:37  Hellion, Refinery  
  162  12:41  Missile Turret, Supply Depot  
  162  12:43  Cyclone  
  165  12:49  Hellion  
  149  12:53  Hellion  
  149  12:57  Siege Tank  
  148  12:59  Cyclone  
  148  13:04  Siege Tank  
  154  13:09  Widow Mine  
  156  13:15  Cyclone  
  156  13:18  Hellion  
  127  13:29  Cyclone  
  127  13:31  Widow Mine, Hellion, Cyclone  
  127  13:33  Planetary Fortress, SCV  
  138  13:37  Cyclone  
  138  13:40  SCV x2  
  143  13:47  Widow Mine  
  143  13:48  Hellion, Liberator  
  147  13:53  Terran Vehicle Weapons Level 2  
  147  13:54  Terran Vehicle And Ship Armor Level 2  
  150  14:05  Sensor Tower  
  139  14:20  SCV x2, Command Center  
  139  14:21  SCV, Supply Depot  
  142  14:26  Missile Turret  
  142  14:28  Cyclone, Siege Tank  
  142  14:29  Hellion, Widow Mine  
  142  14:30  Factory Reactor  
  152  14:32  SCV  
  146  14:46  Widow Mine, Hellion  
  146  14:50  Hellion  
  152  15:00  Cyclone, Siege Tank  
  155  15:20  Cyclone  
  155  15:21  Siege Tank, Hellion  
  136  15:29  Widow Mine, Hellion  
  136  15:32  Starport Reactor  
  140  15:38  Cyclone, Siege Tank, Hellion  
  140  15:41  Planetary Fortress  
  140  15:42  Missile Turret  
  148  15:46  Command Center  
  148  15:47  SCV  
  147  15:52  Thor  
  147  15:53  Widow Mine, Hellion  
  157  16:01  Widow Mine  
  157  16:02  Hellion, Siege Tank  
  160  16:07  Starport  
  160  16:08  Armory  
  160  16:10  Cyclone  
  160  16:11  Siege Tank  
  166  16:14  Hellion  
  168  16:20  Missile Turret  
  168  16:22  Liberator x2  
  168  16:23  Hellion x3  
  174  16:27  Fusion Core  
  174  16:32  Hellion  
  176  16:35  Cyclone, Siege Tank  
  155  16:42  SCV x2  
  155  16:45  Cyclone, Siege Tank  
  155  16:46  Hellion  
  154  17:02  Hellion  
  154  17:07  Cyclone, Siege Tank  
  152  17:17  Cyclone  
  131  17:30  Planetary Fortress  
  131  17:33  Widow Mine, Hellion  
  137  17:37  Hellion x2, Cyclone  
  137  17:38  SCV  
  137  17:41  SCV  
  144  17:50  Terran Vehicle Weapons Level 3  
  144  17:56  Cyclone  
  144  17:57  Siege Tank  
  144  18:00  Liberator  
  144  18:02  Advanced Ballistics  
  147  18:11  Cyclone, Hellion x2  
  155  18:12  SCV  
  146  18:37  Cyclone, Siege Tank  
  150  18:48  Cyclone, Siege Tank  
  146  18:49  Hellion x3  
  146  18:50  Liberator  
  146  18:52  Starport Reactor  
  155  19:06  Hellion  
  155  19:09  Cyclone  
  162  19:10  Hellion x4  
  168  19:17  Refinery  
  168  19:20  Cyclone  
  168  19:21  Hellion  
  170  19:30  Hellion  
  170  19:31  Cyclone, Hellion  
  154  19:47  Cyclone, Hellion  
  154  19:48  Widow Mine, Hellion  
  163  19:59  Cyclone  
  168  20:00  Hellion  
  168  20:01  SCV x2  
  168  20:14  Cyclone  
  168  20:15  Hellion  
  168  20:20  Liberator  
  176  20:41  Cyclone, Siege Tank  
  176  20:42  Hellion  
  172  20:45  Widow Mine, Hellion  
  152  21:06  Cyclone, Siege Tank  
  152  21:46  Cyclone, Siege Tank, Hellion  
  154  21:52  Liberator  
  157  22:00  Cyclone  
  160  22:05  Hellion x3  
  163  22:26  Cyclone, Siege Tank, Hellion  
  171  22:35  Cyclone  
  171  22:36  Hellion x2  
  163  23:06  Cyclone, Siege Tank, Hellion  
  163  23:07  Hellion  
  163  23:08  Hellion  
  172  23:21  Cyclone, Hellion  
  175  23:27  Hellion  
  175  23:28  Hellion  
  179  23:37  SCV  
  180  23:42  Thor  
  173  24:01  Cyclone  
  173  24:02  Hellion  
  145  24:21  Hellion  
  145  24:22  Hellion  
  145  24:24  Hellion x3  
  139  24:34  Hellion  
Show
View Real Time Build Order
Export as new Build Order

JIJIAN Zerg - Winner!

Build Orders: Hatch First 

Get SALT Encoding   

  8  0:01  Drone  
  9  0:10  Drone  
  10  0:16  Drone  
  11  0:22  Drone  
  12  0:33  Overlord  
  12  0:41  Extractor, Drone  
  13  0:51  Drone x2  
  15  1:15  Hatchery  
  15  1:18  Drone  
  15  1:21  Drone  
  15  1:25  Drone  
  17  1:40  Spawning Pool  
  17  1:43  Drone  
  17  1:47  Drone  
  17  1:50  Drone  
  19  1:57  Extractor  
  19  2:00  Overlord  
  18  2:11  Drone  
  19  2:26  Queen  
  19  2:27  Queen  
  19  2:28  Zergling x2  
  24  2:30  Zergling x2  
  24  2:34  Drone  
  26  2:37  Drone  
  26  2:41  Drone  
  28  2:46  Drone  
  28  2:50  Drone  
  30  2:57  Drone  
  30  3:06  Drone  
  30  3:09  Metabolic Boost  
  30  3:11  Overlord x2  
  31  3:27  Hatchery  
  31  3:29  Drone x2  
  31  3:32  Drone  
  33  3:40  Drone x3  
  36  3:44  Drone x2  
  36  3:45  Drone  
  36  3:46  Drone  
  40  3:52  Overlord  
  40  3:57  Queen  
  42  4:04  Queen  
  42  4:08  Overlord  
  44  4:21  Zergling x8  
  48  4:28  Drone x4  
  52  4:32  Drone  
  53  4:38  Zergling x2  
  53  4:40  Drone  
  53  4:43  Drone  
  53  4:44  Queen x2  
  59  4:49  Zergling x2  
  57  5:00  Drone x3  
  57  5:05  Overlord x4  
  58  5:07  Drone  
  59  5:17  Zergling x2  
  60  5:22  Overlord x3  
  60  5:23  Queen  
  60  5:24  Lair  
  62  5:29  Queen  
  62  5:31  Overlord  
  60  5:50  Zergling x18  
  60  5:51  Zergling x2  
  64  6:02  Drone x5  
  65  6:12  Drone x3  
  68  6:18  Drone  
  69  6:30  Overlord x3  
  65  6:34  Overseer  
  64  6:42  Baneling Nest  
  64  6:43  Drone x4  
  64  6:44  Extractor  
  64  6:45  Extractor, Drone  
  64  6:46  Drone x2  
  68  6:47  Drone x5  
  68  6:50  Drone x2  
  75  7:03  Hatchery  
  74  7:13  Drone x3  
  74  7:15  Drone x3  
  80  7:16  Drone x3  
  80  7:21  Evolution Chamber, Zergling x10  
  80  7:22  Zergling x6, Evolution Chamber  
  90  7:24  Hatchery  
  88  7:30  Zergling x2  
  89  7:42  Zergling x2  
  89  7:43  Zergling x16  
  89  7:44  Centrifugal Hooks  
  98  7:49  Zerg Melee Weapons Level 1, Zerg Ground Armor Level 1  
  87  8:06  Drone x6  
  92  8:12  Zergling x2  
  92  8:13  Zergling x12  
  94  8:25  Drone x4  
  95  8:31  Drone x5  
  99  8:43  Drone x13  
  105  8:52  Zergling x6  
  107  8:57  Baneling x10  
  107  8:58  Baneling x16  
  107  8:59  Zergling x8  
  107  9:00  Zergling x2  
  107  9:01  Zergling x6  
  115  9:06  Drone  
  115  9:07  Drone x5  
  121  9:11  Zergling x2  
  121  9:12  Zergling x6  
  125  9:17  Zergling x6  
  113  9:31  Zergling x2  
  113  9:32  Zergling x10  
  113  9:35  Zergling x10  
  121  9:40  Drone x8  
  121  9:42  Zergling x4  
  131  9:55  Overlord x5  
  131  9:56  Zerg Melee Weapons Level 2  
  131  9:57  Zerg Ground Armor Level 2  
  131  9:59  Hatchery  
  130  10:03  Extractor  
  130  10:06  Overlord x2  
  130  10:07  Overlord x2  
  129  10:08  Hatchery  
  129  10:11  Infestation Pit  
  127  10:14  Zergling x12  
  127  10:15  Zergling x12, Extractor  
  127  10:19  Extractor  
  137  10:22  Zergling x14  
  137  10:23  Zergling x2, Extractor x2  
  136  10:35  Zergling x6  
  125  10:36  Zergling x18  
  122  10:53  Drone x3  
  122  10:54  Drone x7  
  122  10:55  Drone  
  129  11:00  Hive  
  129  11:01  Drone  
  129  11:02  Drone x2  
  129  11:03  Drone x3  
  135  11:07  Drone x12  
  147  11:16  Baneling x7  
  147  11:17  Baneling x16  
  144  11:20  Zergling x20  
  154  11:31  Drone  
  154  11:32  Drone x3  
  155  11:34  Extractor  
  155  11:35  Drone x3  
  155  11:38  Drone x3  
  160  11:40  Drone x3  
  160  11:41  Drone x2  
  160  11:42  Drone  
  160  11:48  Zergling x2  
  160  11:49  Zergling x14  
  139  12:01  Zergling x2  
  139  12:02  Zergling x30  
  150  12:08  Zergling x2  
  150  12:09  Zergling x10  
  150  12:10  Hatchery  
  150  12:12  Zergling x4, Adrenal Glands  
  157  12:16  Zerg Melee Weapons Level 3, Zerg Ground Armor Level 3  
  157  12:18  Ultralisk Cavern, Zergling x12  
  157  12:19  Zergling x6  
  157  12:22  Zergling x6  
  168  12:29  Zergling x14  
  175  12:30  Zergling x2  
  175  12:31  Zergling x6  
  175  12:33  Zergling x2  
  178  12:42  Zergling x18  
  186  12:46  Zergling x2  
  186  12:47  Zergling x8  
  160  12:51  Zergling x10  
  160  12:55  Baneling x14  
  160  12:56  Baneling x6  
  160  12:57  Zergling x18  
  164  13:03  Zergling x2  
  164  13:04  Zergling x12  
  158  13:07  Zergling x2  
  158  13:12  Zergling x4  
  158  13:13  Zergling x2  
  158  13:18  Zergling x2  
  158  13:19  Drone x3  
  139  13:21  Drone x2  
  139  13:23  Drone x12  
  153  13:30  Zergling x20  
  153  13:33  Zergling x6  
  166  13:36  Zergling x4  
  168  13:42  Zergling x2  
  168  13:43  Zergling x8  
  168  13:46  Chitinous Plating  
  173  13:54  Zergling x20  
  173  13:55  Zergling x12  
  189  13:56  Baneling x4  
  189  13:57  Baneling x5  
  189  13:58  Baneling  
  189  14:01  Burrow  
  161  14:10  Hatchery  
  161  14:15  Hatchery, Drone x3  
  161  14:16  Drone x2  
  161  14:17  Drone  
  155  14:30  Spore Crawler  
  155  14:31  Zergling x26  
  153  14:32  Zergling x28  
  147  14:48  Ultralisk x5  
  147  14:49  Ultralisk, Zergling x4  
  171  15:04  Zergling x10  
  171  15:05  Zergling x12, Anabolic Synthesis, Ultralisk  
  180  15:14  Zergling x2  
  180  15:15  Zergling x18  
  180  15:20  Zergling x12  
  183  15:31  Overseer  
  183  15:32  Overseer x2  
  183  15:33  Pneumatized Carapace  
  183  15:35  Zergling x20  
  188  15:36  Zergling x12  
  188  15:40  Zergling x2  
  200  15:44  Overlord x2  
  200  15:49  Drone x2  
  195  15:50  Drone x2  
  197  15:58  Baneling x23  
  197  15:59  Baneling x25  
  197  16:00  Zergling x2  
  197  16:01  Zergling x6  
  197  16:03  Zergling x6  
  190  16:06  Zergling x10  
  190  16:07  Zergling x2  
  196  16:12  Drone  
  196  16:13  Drone x3  
  131  16:40  Zergling x22  
  131  16:41  Zergling x26, Ultralisk x4  
  131  16:45  Zergling x12  
  172  16:56  Drone x2  
  172  16:57  Drone x9  
  175  17:05  Drone x3  
  175  17:07  Ultralisk x2, Zergling x10  
  182  17:29  Spire x2  
  170  17:32  Zergling x6  
  170  17:33  Zergling x44  
  195  17:42  Drone  
  195  17:43  Drone x2  
  198  17:44  Drone  
  198  17:45  Drone  
  198  17:52  Drone x2  
  198  17:56  Drone  
  198  17:57  Drone x5  
  197  18:13  Baneling x12  
  197  18:14  Baneling x27  
  197  18:17  Zergling x6  
  197  18:18  Hatchery  
  198  18:25  Hatchery  
  173  18:33  Hatchery  
  173  18:34  Ultralisk x4, Zergling x8  
  165  18:35  Zergling x2  
  148  18:48  Zergling x10  
  148  18:49  Zergling x14  
  148  18:50  Greater Spire  
  148  18:52  Zerg Flyer Weapons Level 1  
  148  18:53  Zergling x14  
  166  18:57  Zergling x28  
  179  19:05  Drone x3  
  179  19:06  Drone x3  
  185  19:11  Zergling x28  
  163  19:39  Drone x2  
  163  19:40  Drone x6  
  163  19:41  Drone x4  
  163  19:45  Zergling x28  
  172  20:05  Ultralisk x4, Zergling x2  
  172  20:06  Zergling x20  
  192  20:16  Queen x3  
  192  20:21  Spore Crawler  
  192  20:25  Spore Crawler  
  192  20:27  Drone x3  
  192  20:33  Zerg Flyer Armor Level 1  
  178  20:37  Drone x6  
  178  20:38  Drone x10  
  179  20:44  Zergling x2  
  179  20:45  Zergling x20  
  181  21:03  Zergling x32, Ultralisk x2  
  181  21:04  Ultralisk  
  198  21:10  Overseer  
  198  21:11  Overseer x4  
  192  21:15  Drone x6  
  188  21:35  Zergling x12  
  188  21:36  Zergling x12  
  188  21:39  Corruptor x2  
  192  21:40  Corruptor x2  
  192  21:44  Corruptor  
  192  21:45  Corruptor x4  
  198  21:48  Zergling x4  
  198  21:49  Zerg Flyer Weapons Level 2  
  193  22:05  Corruptor  
  193  22:06  Corruptor x4  
  190  22:16  Corruptor x2  
  190  22:17  Corruptor  
  190  22:22  Corruptor  
  191  22:30  Extractor x3  
  191  22:32  Extractor, Drone  
  191  22:33  Drone x15, Extractor  
  191  22:34  Extractor  
  198  22:38  Extractor  
  198  22:39  Extractor  
  198  22:40  Zergling x8  
  198  22:48  Zerg Flyer Armor Level 2  
  200  22:51  Brood Lord  
  194  23:04  Zergling x38  
  194  23:05  Zergling x20  
  195  23:21  Zergling x10  
  196  23:36  Brood Lord x5  
  196  23:52  Brood Lord  
  196  23:53  Brood Lord x4  
  189  23:55  Zergling x2  
  189  23:56  Zergling x28  
  189  24:00  Corruptor x2  
  189  24:01  Corruptor  
  193  24:02  Zergling x2  
  193  24:03  Zergling x10  
  193  24:09  Zergling x12  
  200  24:10  Zergling x4  
  198  24:18  Zergling x4  
  198  24:23  Infestor  
  200  24:28  Corruptor x2  
  188  24:34  Zergling x4  
  188  24:35  Zergling x22  
Tags
 
Add a new tag
Caveats
  • Supply blocks, unpowered buildings, or Contaminate may cause inaccurate times.
  • Supply counts are checked every 10 seconds.